 Dungeon Sprint DCSS version 0.29.1-15-g9cfb28693d (webtiles) character file.

Game seed: 1970038682033777828

178 Groucho the Trooper (level 5, 0/55 HPs)
             Began as a Naga Fighter on Mar 12, 2023.
             Slain by a scorpion (4 damage)
             ... in the Dungeon (Sprint IX: "|||||||||||||||||||||||||||||").
             The game lasted 00:00:34 (213 turns).

Groucho the Trooper (Naga Fighter)                   Turns: 213, Time: 00:00:34

Health: 0/55       AC:  5    Str: 19    XL:     5   Next: 58%
Magic:  5/5        EV:  8    Int:  8    God:
Gold:   0          SH:  5    Dex: 12    Spells: 4/4 levels left

rFire   . . .      SeeInvis +   a - +0 war axe
rCold   . . .      Faith    .   c - +0 buckler
rNeg    . . .      Spirit   .   b - +0 scale mail
rPois   +          Reflect  .   (no helmet)
rElec   .          Harm     .   (no cloak)
rCorr   .          Rampage  .   (no gloves)
Will    .....      NoTele   +   (no barding)
Stlth   ..........              (no amulet)
HPRegen 0.18/turn               (no ring)
MPRegen 0.09/turn               (no ring)

@: mighty, on berserk cooldown, hasted and slowed, very slow
A: AC +1, large, see invisible, deformed body, poison resistance, slowness 2,
spit poison 1, naga tail 1
a: Spit Poison


You were in the Dungeon.
You visited 1 branch

Inventory:

Hand Weapons
 a - a +0 war axe (weapon)
Armour
 b - a +0 scale mail (worn)
 c - a +0 buckler (worn)
Scrolls
 j - a scroll of blinking
Potions
 h - 2 potions of magic


   Skills:
 + Level 5.7 Fighting
 + Level 5.2 Axes
 + Level 4.7 Armour
 + Level 3.8 Dodging
 + Level 5.2 Shields


You had 4 spell levels left.
You didn't know any spells.
Your spell library was empty.

Dungeon Overview and Level Annotations

Branches:
Dungeon (1/1)

Altars:


Innate Abilities, Weirdness & Mutations

Your serpentine skin is tough. (AC +1)
You have supernaturally acute eyesight. (SInv)
Armour fits poorly on your strangely shaped body.
Your system is resistant to poisons. (rPois)
You cover ground very slowly.
You can spit poison.
You have a snake-like lower body.


Message History

The phantom hits you but does no damage.
You closely miss the phantom.
The phantom is severely damaged.
The phantom hits you.
* * * LOW HITPOINT WARNING * * *
The phantom closely misses you.
Unknown command.
You hit the phantom but do no damage.
The phantom is severely damaged.
The phantom closely misses you.
Unknown command.
You feel better.
The phantom hits you but does no damage. x2
You hit the phantom.
The phantom is almost destroyed.
The phantom hits you but does no damage.
The phantom barely misses you.
You barely miss the phantom.
The phantom is almost destroyed.
The phantom hits you.
* * * LOW HITPOINT WARNING * * *
The phantom barely misses you.
You barely miss the phantom.
The phantom is almost destroyed.
The phantom hits you.
* * * LOW HITPOINT WARNING * * *
The phantom closely misses you.
Unknown command.
You feel very mighty all of a sudden. The phantom hits you.
* * * LOW HITPOINT WARNING * * *
You slash the phantom!
You destroy the phantom!
The scorpion completely misses you.
Your Axes skill increases to level 5!
Your Shields skill increases to level 5!
You have reached level 5!
Unknown command.
You feel yourself speed up. The scorpion stings you.
You die...

▓.▓
▓.▓
▓÷▓
▓.▓
▓.▓
▓.▓
▓.▓
▓.▓
▓@▓
▓s▓
▓.▓
▓.▓
▓.▓
▓.▓
▓+▓


You could see a scorpion.

Vanquished Creatures
  A phantom (D)
  A gnoll sergeant (D)
  An iguana (D)
  An adder (D)
  A dart slug (D)
  An endoplasm (D)
  3 ball pythons (D)
9 creatures vanquished.

Notes
Turn   | Place    | Note
-------+----------+-------------------------------------------
     0 | D        | Groucho the Naga Fighter began the quest for the Orb.
     0 | D        | Reached XP level 1. HP: 21/21 MP: 1/1
    19 | D        | Reached skill level 1 in Dodging
    20 | D        | Reached XP level 2. HP: 22/28 MP: 2/2
   181 | D        | Noticed a gnoll sergeant
   181 | D        | Noticed a phantom
   181 | D        | Noticed a scorpion
   187 | D        | Killed a gnoll sergeant
   188 | D        | Reached XP level 3. HP: 17/37 MP: 3/3
   188 | D        | Reached XP level 4. HP: 21/45 MP: 4/4
   195 | D        | Reached skill level 5 in Fighting
   212 | D        | Killed a phantom
   213 | D        | Reached skill level 5 in Axes
   213 | D        | Reached skill level 5 in Shields
   213 | D        | Reached XP level 5. HP: 4/55 MP: 5/5
   213 | D        | Slain by a scorpion

Illustrated notes

Levels and vault maps discovered:
D:        linesprint [early_d, line_temple, items_1, d_10, items_2, lair_1,
          lair_end, items_3, orc_1, orc_end, items_4, d_15, swamp_1, shoals_1,
          snake_1, spider_1, d_20, vaults_1, items_5, swamp_end, shoals_end,
          snake_end, spider_end, vaults_end, d_27, items_6, zot_1, zot_end,
          crypt_end, forest_end, elf_end, slime_end, tomb_end, abyss_end,
          pan_hell_end]

Skill      XL: |  1  2  3  4 |
---------------+-------------+-----
Shields        | 3 4 5 |  5.2
Dodging        | 1 2 3 |  3.8
Fighting       | 4 5 |  5.7
Axes           | 3 5 |  5.2
Armour         | 3 4 |  4.7

Action                   |  1- 3 |  4- 6 || total
-------------------------+-------+-------++-------
Melee: War axe           |    18 |    23 ||    41
  Use: Potion            |     2 |     3 ||     5
Armor: Scale mail        |    10 |     9 ||    19
Dodge: Dodged            |     6 |     9 ||    15
Block: Buckler           |     2 |     3 ||     5
